 Dungeon Crawl Stone Soup version 0.17.0 (webtiles) character file.

217 Eucla the Skirmisher (level 5, 0/48 HPs)
             Began as a Minotaur Fighter on Nov 14, 2015.
             Shot with an arrow by a centaur (2 damage)
             ... on level 4 of the Dungeon.
             The game lasted 00:03:20 (2799 turns).

Eucla the Skirmisher (Minotaur Fighter)             Turns: 2799, Time: 00:03:20

Health: 0/48       AC: 14    Str: 23    XL:     5   Next: 62%
Magic:  4/4        EV: 11    Int:  5    God:
Gold:   270        SH:  0    Dex: 10    Spells: 0 memorised, 4 levels left

rFire  . . .     SeeInvis .     a - +0 war axe
rCold  . . .     Clarity  .     n - +3 ring mail
rNeg   . . .     SustAt   .     (no shield)
rPois  .         Gourm    .     (helmet restricted)
rElec  .         Spirit   .     A - +0 cloak
rCorr  .         Warding  .     i - +0 pair of gloves
rMut   .         Stasis   .     p - +2 pair of boots
MR     .....                    (no amulet)
Stlth  ..........               (no ring)
                                f - +2 ring of strength

@: drained, not resistant to hostile enchantments, extremely unstealthy
A: retaliatory headbutt, horns 2
a: no special abilities


You were on level 4 of the Dungeon.
You were not hungry.

You visited 1 branch of the dungeon, and saw 4 of its levels.

You collected 270 gold pieces.

Inventory:

Hand Weapons
 a - a +0 war axe (weapon)
Armour
 b - a +0 scale mail
 i - a +0 pair of gloves (worn)
 l - a +0 pair of boots
 n - a +3 ring mail (worn)
 p - a +2 pair of boots (worn)
 A - a +0 cloak (worn)
Jewellery
 f - a +2 ring of strength (left hand)
Scrolls
 c - a scroll of amnesia {unknown}
 g - 6 scrolls of identify {unknown}
 t - a scroll of magic mapping {unknown}
 u - a scroll of remove curse {unknown}
 w - a scroll of enchant weapon {unknown}
 y - a scroll of teleportation {unknown}
Potions
 d - 2 potions of might
 j - 2 potions of curing {unknown}
 k - a potion of flight {unknown}
 r - a potion of invisibility {unknown}
 s - a potion of poison {unknown}
 v - a potion of heal wounds {unknown}
 x - a potion of mutation {unknown}
 z - a potion of berserk rage {unknown}
Comestibles
 e - 6 bread rations
 h - 3 fruits
 m - a meat ration
 o - a beef jerky


   Skills:
 + Level 5.0(4.9) Fighting
 + Level 4.1 Axes
 + Level 4.7 Armour
 + Level 2.9(2.8) Dodging
   Level 3.6(3.5) Shields


You had 4 spell levels left.
You didn't know any spells.

Dungeon Overview and Level Annotations

Branches:
Dungeon (4/15)
 Temple: D:4-7

Altars:
Fedhas
Kikubaaqudgha


Innate Abilities, Weirdness & Mutations

You reflexively headbutt those who attack you in melee.
You have a pair of horns on your head.


Message History

The centaur shoots an arrow.
The arrow hits you.
You see here an arrow.
The centaur shoots an arrow.
The arrow hits you but does no damage.
You see here an arrow.
The centaur shoots an arrow.
The arrow hits you.
The centaur shoots an arrow.
The arrow hits you!
You see here 2 arrows.
The centaur shoots an arrow.
The arrow hits you.
* * * LOW HITPOINT WARNING * * *
You see here an arrow.
Unknown command.
The centaur shoots an arrow.
The arrow hits you!
* * * LOW HITPOINT WARNING * * *
Unknown command.
The centaur shoots an arrow.
The arrow hits you but does no damage.
You see here an arrow.
Unknown command.
Unknown command.
The centaur shoots an arrow.
The arrow hits you.
You die...

##############
#............###
..####.####(.......(.#
.....#....(..##.##.## #
###..#.##.##.(......#
#.#.........####(PPPP..
#.#.#.#####@(.(((PcP
#.[...# #......PP_P
######.### #####....PP
#.......#### #..PPP..
###.##.._....#
#.....#.#
..<..#.#..##.#
#.......#
.....#....##.#..
#.......#
.........†......
#.....#.#
........#.##.#..


You could see a centaur.

Vanquished Creatures
  Crazy Yiuf (D:3)
  An orc wizard (D:3)
  4 adders
  An ooze (D:1)
  5 worms
  4 orcs (D:3)
  2 giant cockroaches
  5 goblins
  13 hobgoblins
  12 jackals
  2 quokkas
  5 ball pythons
  12 bats
  4 giant geckos
  4 giant newts
  12 kobolds
  12 rats
99 creatures vanquished.

Notes
Turn   | Place    | Note
--------------------------------------------------------------
     0 | D:1      | Eucla the Minotaur Fighter began the quest for the Orb.
     0 | D:1      | Reached XP level 1. HP: 19/19 MP: 0/0
   245 | D:1      | Reached XP level 2. HP: 27/27 MP: 1/1
   296 | D:1      | Reached skill level 4 in Fighting
   405 | D:1      | Reached skill level 1 in Dodging
   405 | D:1      | Reached XP level 3. HP: 19/33 MP: 2/2
  1037 | D:2      | Reached XP level 4. HP: 41/41 MP: 3/3
  1890 | D:3      | Reached XP level 5. HP: 21/47 MP: 4/4
  2458 | D:3      | Noticed Crazy Yiuf
  2468 | D:3      | Killed Crazy Yiuf
  2468 | D:3      | Reached skill level 5 in Fighting
  2765 | D:4      | Found an ancient bone altar of Kikubaaqudgha.
  2788 | D:4      | Noticed a centaur
  2789 | D:4      | Found a blossoming altar of Fedhas.
  2797 | D:4      | HP: 1/48 [centaur/arrow (12)]
  2799 | D:4      | Shot with an arrow by a centaur

Action                   |  1- 3 |  4- 6 || total
-------------------------+-------+-------++-------
Melee: War axe           |    93 |   111 ||   204
  Eat: Chunk             |       |     5 ||     5
       Pizza             |       |     2 ||     2
       Beef jerky        |       |     1 ||     1
